 Yiufcrawl Soup (a DCSS fork) version 1.5.2b1-yiuf-19-g91104ff (webtiles) character file.

203 Fisto the Magician (level 5, -3/43 HPs)
             Began as a Naga Wizard on Nov 12, 2017.
             Was a Believer of Uskayaw.
             Slain by a sky beast (6 damage)
             ... on level 5 of the Dungeon on Nov 13, 2017.
             The game lasted 00:26:38 (3693 turns).

Fisto the Magician (Naga Wizard)                    Turns: 3693, Time: 00:26:39

Health: -3/43      AC: 20    Str:  5    XL:     5   Next: 81%
Magic:  11/11      EV: 10    Int: 27    God:    Uskayaw [**....]
Gold:   199        SH:  0    Dex: 14    Spells: 11/12 levels left

rFire    . . .     SeeInvis +   h - +1 mace (protect)
rCold    . . .     Gourm    .   (no shield)
rNeg     . . .     Faith    .   t - +2 leather armour of Incorporation {+Inv Str-4 Int+8 Dex+4}
rPois    +         Spirit   .   l - +1 helmet
rElec    .         Reflect  .   y - +2 cloak
rCorr    .         Harm     .   x - +0 pair of gloves
MR       .....                  (no barding)
Stlth    ++........             (no amulet)
Regen    0.2/turn               (no ring)
MPRegen  0.2/turn               (no ring)

@: protection aura, very slightly contaminated, invisible, very slow
A: see invisible, deformed body, poison resistance, slowness 2, slow metabolism
1, spit poison 1, AC +4
a: Spit Poison, Stomp, Line Pass, Renounce Religion


You were on level 5 of the Dungeon.
You worshipped Uskayaw.
Uskayaw was noncommittal.
You were not hungry.

You visited 1 branch of the dungeon, and saw 5 of its levels.

You collected 199 gold pieces.

Inventory:

Hand Weapons
 h - a +1 mace of protection (weapon)
 j - a +1 whip of pain
 w - a +0 great mace
Armour
 k - a +2 large shield
 l - a +1 helmet (worn)
 t - the +2 leather armour of Incorporation (worn) {+Inv Str-4 Int+8 Dex+4}
   (You found it on level 4 of the Dungeon)

   It affects your strength (-4).
   It affects your intelligence (+8).
   It affects your dexterity (+4).
   It lets you turn invisible.
 x - a +0 pair of gloves (worn)
 y - a +2 cloak (worn)
Wands
 q - a wand of paralysis (12/24)
Scrolls
 a - 2 scrolls of amnesia {unknown}
 b - 2 scrolls of blinking {unknown}
 d - 7 scrolls of identify
 g - 2 scrolls of teleportation
 o - 4 scrolls of fog {unknown}
 r - a scroll of recharging {unknown}
 s - 2 scrolls of enchant armour {unknown}
 u - a scroll of immolation {unknown}
Potions
 e - a potion of flight {unknown}
 i - a potion of curing
 m - a potion of mutation {unknown}
 n - 2 potions of lignification {unknown}
 v - a potion of berserk rage {unknown}
 z - a potion of agility
Comestibles
 c - 3 bread rations
 p - 4 royal jellies


   Skills:
 + Level 0.8 Fighting
 + Level 1.3 Maces & Flails
 + Level 0.8 Armour
 + Level 2.3 Dodging
 + Level 3.4 Stealth
 + Level 1.0 Shields
 + Level 4.3 Spellcasting
 + Level 2.0 Conjurations
   Level 1.0 Summonings
   Level 1.0 Translocations


You had 11 spell levels left.
You knew the following spells:

 Your Spells              Type           Power        Failure   Level  Hunger
a - Magic Dart            Conj           16 (25)      6%          1    None


Dungeon Overview and Level Annotations

Branches:
Dungeon (5/15)             Temple (0/1) D:4

Altars:
Uskayaw
Wu Jian

Shops:
D:4 (


Innate Abilities, Weirdness & Mutations

You cannot wear boots.
Your serpentine skin is tough. (AC +4)
You have supernaturally acute eyesight. (SInv)
Armour fits poorly on your strangely shaped body.
Your system is resistant to poisons. (rPois)
You cover ground very slowly.
You have a slow metabolism.
You can spit poison.


Message History

The sky beast hits you. The sky beast shocks you.
The sky beast hits you but does no damage.
You hit the sky beast but do no damage.
The sky beast is severely wounded.
The sky beast completely misses you.
You hit the sky beast.
The sky beast is severely wounded.
The sky beast hits you. The sky beast shocks you.
* * * LOW HITPOINT WARNING * * *
You fade into invisibility!
The sky beast flickers out of sight for a moment.
The sky beast hits you.
* * * LOW HITPOINT WARNING * * *
The sky beast shocks you.
* * * LOW HITPOINT WARNING * * *
You are very lightly contaminated with residual magic.
The sky beast hits you.
* * * LOW HITPOINT WARNING * * *
The sky beast shocks you.
You die...

......
#........... .
##....##..### .
#.........# #.
.#####.###.###.#
#..####Y.....###.#
#....?..####.....#
.........# #.###.#
#.####5###.#
#...§Y@....#
######.###.# #.#
#.# #.# #.# ###
###


You could see a sky beast and a crimson imp.

Vanquished Creatures
  A hound (D:4)
  A centaur skeleton (D:5)
  Terence (D:2)
  A mummy (D:4)
  Robin (D:2)
  2 adders (D:2)
  2 oozes (D:3)
  2 dart slugs
  4 leopard geckos
  An orc (D:2)
  4 giant cockroaches
  7 goblins
  6 hobgoblins
  9 jackals
  A ball python (D:2)
  4 bats
  2 frilled lizards
  4 kobolds
  4 orc zombies (D:4)
  4 rats
61 creatures vanquished.

Notes
Turn   | Place    | Note
-------+----------+-------------------------------------------
     0 | D:1      | Fisto the Naga Wizard began the quest for the Orb.
     0 | D:1      | Reached XP level 1. HP: 15/15 MP: 4/4
   308 | D:1      | Reached XP level 2. HP: 22/22 MP: 1/6
  1149 | D:2      | Reached XP level 3. HP: 28/28 MP: 6/8
  1151 | D:2      | Noticed Robin
  1455 | D:2      | Noticed Terence
  1510 | D:2      | Killed Terence
  1510 | D:2      | Reached skill level 1 in Maces & Flails
  1510 | D:2      | Reached XP level 4. HP: 33/36 MP: 2/9
  1697 | D:2      | Reached skill level 4 in Spellcasting
  2095 | D:2      | Killed Robin
  2360 | D:3      | Reached XP level 5. HP: 40/42 MP: 11/11
  2747 | D:4      | Reached skill level 1 in Shields
  2780 | D:4      | Got a spiked leather armour
  2793 | D:4      | Identified the +2 leather armour of Incorporation {+Inv Str-4 Int+8 Dex+4} (You found it on level 4 of the Dungeon)
  3031 | D:4      | Found a staircase to the Ecumenical Temple.
  3101 | D:4      | Found a faded altar of an unknown god.
  3207 | D:4      | Found a hide-covered altar of Uskayaw.
  3221 | D:4      | Became a worshipper of Uskayaw the Reveler
  3398 | D:4      | Found Uraj's Antique Weapon Shop.
  3452 | D:5      | Entered Level 5 of the Dungeon
  3529 | D:5      | Found an ornate altar of the Wu Jian Council.
  3608 | D:5      | Reached * piety under Uskayaw
  3665 | D:5      | Noticed a sky beast
  3688 | D:5      | Reached ** piety under Uskayaw
  3693 | D:5      | Slain by a sky beast

Skill      XL: |  1  2  3  4  5 |
---------------+----------------+-----
Dodging        | 2 |  2.3
Maces & Flails | 1 |  1.3
Spellcasting   | 4 |  4.3
Shields        | 1 |  1.0
Conjurations   | 2 |  2.0
Fighting       | |  0.8
Armour         | |  0.8
Stealth        | |  3.4
Summonings     | |  1.0
Translocations | |  1.0

Action                   |  1- 3 |  4- 6 || total
-------------------------+-------+-------++-------
Melee: Whip              |    76 |    54 ||   130
       Mace              |       |    85 ||    85
 Cast: Magic Dart        |    75 |    54 ||   129
  Use: Scroll            |     6 |     1 ||     7
       Potion            |     1 |     4 ||     5
  Eat: Chunk             |     1 |       ||     1
       Meat ration       |       |     1 ||     1
       Royal jelly       |       |     1 ||     1
Armor: Robe              |    31 |       ||    31
       Leather armour    |       |    58 ||    58
       Animal skin       |       |     6 ||     6
       Skin              |       |     6 ||     6
Dodge: Dodged            |    67 |    78 ||   145
Block: Large shield      |     2 |    55 ||    57
